 Dungeon Crawl Stone Soup version 0.24.0-123-gd5b16e6ec5 (webtiles) character file.

Game seed: 14682288096572791658, levelgen mode: deterministic

9011 Bergy the Basher (level 11, -3/62 HPs)
             Began as a Gargoyle Fighter on Dec 30, 2019.
             Was an Elder of Makhleb.
             Slain by a polar bear (4 damage)
             ... on level 1 of the Lair of Beasts.
             The game lasted 00:32:36 (9953 turns).

Bergy the Basher (Gargoyle Fighter)                 Turns: 9953, Time: 00:32:37

Health: -3/62      AC: 19    Str: 22 (24) XL:     11   Next: 39%
Magic:  0/11       EV:  8    Int:  6 (8)  God:    Makhleb [****..]
Gold:   458        SH: 11    Dex: 15 (16) Spells: 10/10 levels left

rFire    . . .     SeeInvis .   h - +3 hand axe of Distraction {flame, Fragile rN+ Dex+4}
rCold    . . .     Gourm    .   c - +0 shield
rNeg     + + .     Faith    .   p - +1 scale mail "Zarit" {MR+}
rPois    ∞         Spirit   +   (no helmet)
rElec    +         Reflect  .   (no cloak)
rCorr    .         Harm     .   (no gloves)
MR       +....                  (no boots)
Stlth    ..........             b - amulet of guardian spirit
HPRegen  0.20/turn              e - +3 ring of dexterity
MPRegen  0.12/turn              o - +3 ring of protection

@: no status effects
A: negative energy resistance 1, electricity resistance, unbreathing,
petrification resistance, rot immunity, AC +8
a: Minor Destruction, Lesser Servant of Makhleb, Major Destruction, Renounce
Religion


You were on level 1 of the Lair of Beasts.
You worshipped Makhleb.
Makhleb was greatly pleased with you.
You were not hungry.

You visited 3 branches of the dungeon, and saw 11 of its levels.
You also visited: Ossuary.

You collected 458 gold pieces.

Inventory:

Hand Weapons
 d - a +3 flail of protection
 h - the +3 hand axe of Distraction (weapon) {flame, Fragile rN+ Dex+4}
   (You found it on level 8 of the Dungeon)

   It has been specially enchanted to burn those struck by it, causing extra
   injury to most foes and up to half again as much damage against particularly
   susceptible opponents.
   Big, fiery blades are also staple armaments of hydra-hunters.
   It affects your dexterity (+4).
   It protects you from negative energy.
   It will be destroyed if unequipped.
 j - a +3 mace of holy wrath
Armour
 c - a +0 shield (worn)
 p - the +1 scale mail "Zarit" (worn) {MR+}
   (You found it on level 4 of the Dungeon)

   It affects your resistance to hostile enchantments.
 A - a +0 plate armour
Jewellery
 b - an amulet of guardian spirit (around neck)
 e - a +3 ring of dexterity (left hand)
 o - a +3 ring of protection (right hand)
 E - a +4 ring of strength {unknown}
Wands
 n - a wand of paralysis (8)
 H - a wand of flame (10)
Scrolls
 a - a scroll of torment {unknown}
 g - 2 scrolls of magic mapping {unknown}
 i - 4 scrolls of enchant armour
 l - 2 scrolls of random uselessness {unknown}
 t - 3 scrolls of enchant weapon
 v - a scroll of immolation {unknown}
 x - a scroll of fear {unknown}
 y - 2 scrolls of teleportation
 C - 3 scrolls of remove curse
 F - a scroll of fog {unknown}
 G - a scroll of brand weapon {unknown}
Potions
 k - a potion of degeneration
 r - 2 potions of berserk rage
 s - a potion of ambrosia {unknown}
 u - 3 potions of lignification
 w - a potion of mutation {unknown}
 z - a potion of agility {unknown}
 B - a potion of invisibility {unknown}
Comestibles
 f - 17 rations


   Skills:
 - Level 4.7 Fighting
 * Level 5.0(10.1) Axes
 - Level 14.4(14.7) Maces & Flails
 - Level 4.7 Armour
 - Level 7.0 Shields


You had 10 spell levels left.
You didn't know any spells.
Your spell library contained the following spells:

 Spells                   Type           Power        Failure   Level  Hunger
 Animate Skeleton         Necr           N/A          98%         1    ##.....
 Apportation              Tloc           #.....       98%         1    ##.....
 Confusing Touch          Hex            #.....       98%         1    ##.....
 Summon Small Mammal      Summ           #...         98%         1    ##.....


Dungeon Overview and Level Annotations

Branches:
Dungeon (9/15)             Temple (1/1) D:5            Lair (1/6) D:9
Ossuary (visited)
    Orc: D:9-12

Altars:
Ashenzari
Cheibriados
Dithmenos
Elyvilon
Fedhas
Gozag
Hepliaklqana
Kikubaaqudgha
Makhleb
Nemelex Xobeh
Okawaru
Qazlal
Ru
Sif Muna
Trog
Uskayaw
Vehumet
Wu Jian
Xom
Yredelemnul
Zin
The Shining One
Lugonu

Annotations:
D:9 Psyche


Innate Abilities, Weirdness & Mutations

You are resistant to torment.
Your stone body is resilient. (AC +8)
You are immune to poison.
You resist negative energy. (rN+)
You are resistant to electric shocks. (rElec)
You can survive without breathing.
You are immune to petrification.
You are immune to rotting.


Message History

You feel weakened.
You feel dopey.
You feel clumsy. You block the polar bear's attack.
The polar bear barely misses you.
The polar bear claws you but does no damage.
The polar bear bites the plant.
The polar bear claws the plant but does no damage.
The polar bear claws the plant.
You block the polar bear's attack.
The polar bear claws you but does no damage.
The polar bear completely misses you.
You barely miss the polar bear.
The polar bear is almost dead.
The polar bear bites the plant!
The polar bear claws the plant but does no damage. x2
You block the polar bear's attack.
The polar bear claws you but does no damage. x2
You closely miss the polar bear.
The polar bear is almost dead.
The polar bear bites the plant but does no damage.
The polar bear claws the plant but does no damage.
The polar bear claws the plant.
The polar bear bites you.
You die...

#. #.. ## ..###. ..P...
#...### #...# . #....@#
....## .P...##P#h##
#....#### #. ##hhh#
#........ #.. #...##
###........
#...##...######..........
#...PP...................
#....#...................
#..P...#######.##.#####..
P...#P.## ##..### #..


You could see 4 polar bears.

Vanquished Creatures
  A two-headed ogre (D:8)
  A spiny frog (Lair:1)
  A komodo dragon (Lair:1)
  Grinder (D:5)
  2 hippogriffs
  A wraith (Ossuary)
  2 wyverns
  Eustachio (D:5)
  6 yaks (D:8)
  Menkaure (D:6)
  2 hungry ghosts (D:7)
  2 wargs (D:9)
  3 sky beasts
  2 ice beasts
  6 orc warriors
  A black bear (D:8)
  A phantom (D:5)
  2 necrophages
  7 ogres
  A crocodile (D:9)
  3 centaurs (D:9)
  6 bullfrogs
  A gnoll sergeant (D:9)
  3 scorpions
  A water moccasin skeleton (D:8)
  9 killer bees (D:8)
  2 crimson imps (D:7)
  A howler monkey (D:4)
  A bullfrog zombie (D:8)
  5 hounds
  A centaur zombie (D:6)
  9 orc wizards
  8 orc priests
  A bullfrog skeleton (D:7)
  A centaur skeleton (D:5)
  5 jellies
  A gnoll shaman (D:8)
  3 iguanas
  10 worker ants
  2 hound zombies (D:6)
  A howler monkey zombie (D:7)
  A mummy (Ossuary)
  17 gnolls
  15 adders
  4 shadow imps
  5 oozes (D:9)
  2 worms
  2 dart slugs
  5 leopard geckos
  28 orcs
  7 giant cockroaches
  5 goblins
  9 hobgoblins
  14 jackals
  9 kobolds
  3 quokkas
  A ball python (D:3)
  2 ball python zombies
  7 bats
  11 frilled lizards
  4 gnoll skeletons (Ossuary)
  A goblin zombie (D:4)
  10 kobold skeletons (Ossuary)
  2 leopard gecko zombies
  11 orc skeletons (Ossuary)
  A quokka zombie (D:6)
  3 rats (D:1)
  A plant (Lair:1)
298 creatures vanquished.

Vanquished Creatures (others)
  A fungus (D:2)
1 creature vanquished.

Grand Total: 299 creatures vanquished

Notes
Turn   | Place    | Note
-------+----------+-------------------------------------------
     0 | D:1      | Bergy the Gargoyle Fighter began the quest for the Orb.
     0 | D:1      | Reached XP level 1. HP: 14/14 MP: 1/1
    60 | D:1      | Reached XP level 2. HP: 13/19 MP: 2/2
   256 | D:1      | Reached skill level 3 in Maces & Flails
   454 | D:1      | Reached XP level 3. HP: 23/23 MP: 3/3
   903 | D:2      | Reached skill level 4 in Maces & Flails
  1093 | D:2      | Reached XP level 4. HP: 28/28 MP: 4/4
  1238 | D:2      | Found a blossoming altar of Fedhas.
  1775 | D:3      | Found an iron altar of Okawaru.
  1775 | D:3      | Found a burning altar of Makhleb.
  1807 | D:3      | Found an ancient bone altar of Kikubaaqudgha.
  1810 | D:3      | Became a worshipper of Makhleb the Destroyer
  1814 | D:3      | Found a bloodstained altar of Trog.
  1815 | D:3      | Found a basalt altar of Yredelemnul.
  1872 | D:3      | Reached skill level 5 in Maces & Flails
  1874 | D:3      | Reached XP level 5. HP: 26/32 MP: 5/5
  2459 | D:4      | Got a polished scale mail
  2460 | D:4      | Identified the cursed +1 scale mail "Zarit" {MR+} (You
                  | found it on level 4 of the Dungeon)
  2473 | D:4      | Reached skill level 6 in Maces & Flails
  2473 | D:4      | Reached XP level 6. HP: 35/37 MP: 6/6
  2834 | D:4      | Found a snail-covered altar of Cheibriados.
  2835 | D:4      | Found a white marble altar of Elyvilon.
  2993 | D:4      | Found a sand-covered staircase.
  3006 | Ossuary  | Entered an ossuary
  3006 | Ossuary  | Noticed a wraith
  3006 | Ossuary  | Noticed a wraith
  3006 | Ossuary  | Noticed a wraith
  3019 | Ossuary  | Reached * piety under Makhleb
  3116 | Ossuary  | Noticed a wraith
  3138 | Ossuary  | Killed a wraith
  3138 | Ossuary  | Reached skill level 7 in Maces & Flails
  3138 | Ossuary  | Reached XP level 7. HP: 40/41 MP: 7/7
  3433 | D:5      | Entered Level 5 of the Dungeon
  3530 | D:5      | Reached skill level 8 in Maces & Flails
  3686 | D:5      | Reached skill level 9 in Maces & Flails
  3686 | D:5      | Reached XP level 8. HP: 25/46 MP: 8/8
  3699 | D:5      | Reached ** piety under Makhleb
  3896 | D:5      | Found a staircase to the Ecumenical Temple.
  3906 | Temple   | Entered the Ecumenical Temple
  4465 | D:5      | Found a radiant altar of Vehumet.
  4647 | D:6      | Noticed Grinder
  4647 | D:6      | Noticed Eustachio
  4696 | D:5      | Reached skill level 10 in Maces & Flails
  5004 | D:5      | Killed Eustachio
  5025 | D:5      | Killed Grinder
  5025 | D:5      | Reached skill level 11 in Maces & Flails
  5090 | D:6      | Reached XP level 9. HP: 51/51 MP: 9/9
  5125 | D:6      | Noticed Menkaure
  5129 | D:6      | Killed Menkaure
  5217 | D:6      | Found a white marble altar of Elyvilon.
  5631 | D:6      | Reached skill level 12 in Maces & Flails
  5894 | D:7      | Reached *** piety under Makhleb
  6299 | D:7      | Found a shimmering blue altar of Sif Muna.
  6468 | D:7      | Reached skill level 13 in Maces & Flails
  6480 | D:7      | Reached XP level 10. HP: 56/56 MP: 10/10
  6745 | D:8      | Found a stormy altar of Qazlal.
  6834 | D:8      | Reached skill level 14 in Maces & Flails
  6914 | D:8      | Noticed a two-headed ogre
  6932 | D:8      | HP: 1/56 [two-headed ogre/+0 great mace (14)]
  7149 | D:8      | Killed a two-headed ogre
  7343 | D:8      | Reached skill level 5 in Shields
  7354 | D:8      | Reached **** piety under Makhleb
  7934 | D:8      | Reached XP level 11. HP: 62/62 MP: 11/11
  8102 | D:8      | Got a crystal hand axe
  8189 | D:8      | Identified the +3 hand axe of Distraction {flame, Fragile
                  | rN+ Dex+4} (You found it on level 8 of the Dungeon)
  8260 | D:9      | Reached skill level 1 in Axes
  8406 | D:9      | Found a shimmering altar of Xom.
  8408 | D:9      | Found a shimmering altar of Xom.
  8408 | D:9      | Found a shimmering altar of Xom.
  8570 | D:9      | Found a glowing silver altar of Zin.
  8570 | D:9      | Found a shattered altar of Ashenzari.
  8571 | D:9      | Found a shadowy altar of Dithmenos.
  8662 | D:9      | Found a sacrificial altar of Ru.
  8799 | D:9      | Noticed Psyche
  8871 | D:9      | Found a staircase to the Lair.
  9219 | D:9      | Found a glowing golden altar of the Shining One.
  9727 | Lair:1   | Entered Level 1 of the Lair of Beasts
  9863 | Lair:1   | Reached skill level 5 in Axes
  9950 | Lair:1   | HP: 2/62 [polar bear (11)]
  9953 | Lair:1   | Slain by a polar bear

Levels and vault maps discovered:
D:1:      dpeg_arrival_pond, layout_basic
D:2:      layout_loops_ring, fedhas_altar_3
D:3:      layout_basic, minitemple, first_ration
D:4:      layout_basic, gammafunk_temple_overflow_statue, enter_ossuary_3,
          st_stairs_3
D:5:      layout_gridville, kennysheep_little_box, minmay_temple_entry_glass
D:6:      layout_basic, elyvilon_altar_5, uniq_grinder, uniq_eustachio,
          uniq_menkaure
D:7:      minmay_chambers_of_sixes, layout_rooms, lemuel_coloured_pillars_altar
D:8:      layout_rooms, grunt_qazlal_sundering
D:9:      layout_basic, overflow_temple_1_default,
          nicolae_ru_great_annihilating_truth, gammafunk_temple_overflow_claw,
          erik_lair_orcish_takeover, hangedman_little_slice_of_home,
          serial_park_tiny_1, xom_redecorated, uniq_psyche
Temple:   corrupted_temple
Lair:1:   layout_chaotic_city, cheibrodos_lair_lostbears

Skill      XL: |  1  2  3  4  5  6  7  8  9 10 11 |
---------------+----------------------------------+-----
Maces & Flails | 3 4 5 6 7 9 11 13 14 | 14.4
Shields        | 6 7 |  7.0
Fighting       | 4 |  4.7
Armour         | 4 |  4.7
Axes           | 5 |  5.0

Action                   |  1- 3 |  4- 6 |  7- 9 | 10-12 || total
-------------------------+-------+-------+-------+-------++-------
Melee: Flail             |   146 |   121 |       |       ||   267
       Mace              |       |   116 |   408 |   273 ||   797
       Hand axe          |       |       |       |   230 ||   230
  Use: Scroll            |       |     2 |     5 |     3 ||    10
       Potion            |       |     2 |     2 |     8 ||    12
 Stab: Paralysed         |       |       |       |     1 ||     1
  Eat: Chunk             |     1 |     5 |    10 |    10 ||    26
       Ration            |       |     1 |       |     1 ||     2
Armor: Scale mail        |    72 |   130 |   244 |   242 ||   688
Dodge: Dodged            |    48 |    67 |   121 |   136 ||   372
Block: Shield            |    91 |   112 |   184 |   252 ||   639
